 Dungeon Crawl Stone Soup version 0.31-a0-596-g831eee08f1 (webtiles) character file.

Game seed: 9769891329870398080

2466 bmack86 the Cleaver (level 9, -3/70 HPs)
             Began as a Minotaur Fighter on Aug 21, 2023.
             Was an Initiate of Gozag.
             Slain by an orc warrior
             ... wielding a +0 halberd
              (9 damage)
             ... on level 8 of the Dungeon.
             The game lasted 00:13:59 (5538 turns).

bmack86 the Cleaver (Minotaur Fighter)              Turns: 5538, Time: 00:14:00

Health: -3/70      AC: 20    Str: 24    XL:     9   Next: 26%
Magic:  8/8        EV: 14    Int:  5    God:    Gozag
Gold:   716        SH:  0    Dex: 11    Spells: 8/8 levels left

rFire   . . .        C - melded +4 war axe
rCold   . . .        c - melded +0 buckler
rNeg    + + +        F - melded +1 plate armour
rPois   +            (helmet currently unavailable)
rElec   .            (cloak currently unavailable)
rCorr   .            (gloves currently unavailable)
SInv    .            (boots currently unavailable)
Will    .....        f - amulet of regeneration
Stlth   +            k - +4 ring of protection
HPRegen 1.11/turn    n - +4 ring of protection
MPRegen 0.11/turn

%: no passive effects
@: lethally poisoned (-3 -> -5), fungus-form (expiring), grasped by roots, gold
aura, constricted
A: melee confuse, terrified, no casting, tiny, (horns 2), (retaliatory headbutt)
a: Renounce Religion, Potion Petition, Call Merchant, Bribe Branch


You were on level 8 of the Dungeon.
You worshipped Gozag.
Gozag was pleased with you.
You were a sentient fungus.
You visited 2 branches of the dungeon, and saw 9 of its levels.
You also visited: Sewer.

You collected 900 gold pieces.
You spent 110 gold pieces at shops.
You paid 74 gold pieces to Gozag.

Inventory:

Hand Weapons
 a - a +0 war axe
 h - the +3 broad axe of Zotholyu {flame, MP+9 Int+2}
   (You acquired it on level 4 of the Dungeon)

   Int+2:     It affects your intelligence (+2).
   MP+9:      It affects your magic capacity (+9).
 C - a +4 war axe (melded)
Missiles
 j - 13 boomerangs (quivered)
 p - a throwing net
Armour
 b - a +0 scale mail
 c - a +0 buckler (melded)
 g - a +1 chain mail
 F - a +1 plate armour (melded)
Jewellery
 f - an amulet of regeneration (around neck)
 k - a +4 ring of protection (left hypha)
 n - a +4 ring of protection (right hypha)
 r - an amulet of the acrobat
 s - a ring of protection from cold
 A - a ring of resist corrosion
Wands
 B - a wand of light (5)
Scrolls
 e - a scroll of vulnerability
 l - 2 scrolls of teleportation
 q - 4 scrolls of blinking
 t - a scroll of fear
 y - 3 scrolls of fog
 G - 2 scrolls of amnesia {unknown}
Potions
 d - a potion of might
 i - 4 potions of curing
 m - 2 potions of resistance
 o - 2 potions of lignification
 u - a potion of attraction
 v - 2 potions of heal wounds
 w - a potion of cancellation
 x - 4 potions of enlightenment
 z - a potion of berserk rage
 D - a potion of brilliance
 E - a potion of invisibility
 H - a potion of haste {unknown}


   Skills:
 - Level 3.6 Fighting
 + Level 14.5 Axes
 - Level 3.6 Armour
 - Level 5.0 Shields


You had 8 spell levels left.
You didn't know any spells.
Your spell library contained the following spells:

 Spells                   Type           Power      Damage    Failure   Level
 Slow                     Hex            0%         N/A       47%         1
 Confusing Touch          Hex            0%         N/A       85%         3
 Vampiric Draining        Necr           0%         2d6       85%         3
 Vhi's Electric Charge    Tloc/Air       0%         N/A       85%         3
 Arcjolt                  Conj/Air       0%         1d10      100%        5
 Plasma Beam              Fire/Air       0%         2x1d10    100%        6


Dungeon Overview and Level Annotations

Branches:
Dungeon (8/15)             Temple (1/1) D:4           Sewer (visited)
   Lair: D:8-11

Altars:
Ashenzari
Cheibriados
Dithmenos
Elyvilon
Fedhas
Gozag
Hepliaklqana
Kikubaaqudgha
Makhleb
Nemelex Xobeh
Okawaru
Qazlal
Ru
Uskayaw
Vehumet
Wu Jian
Xom
Yredelemnul
Zin
The Shining One

Shops:
D:1 *   D:5 (:?

Annotations:
D:8 Amaemon, Maurice


Innate Abilities, Weirdness & Mutations

You are a sentient fungus.
You are tiny and evasive.
Your melee attack releases spores that confuse breathing creatures.
You become terrified and freeze when enemies are visible.
Your armour is entirely melded.
You are incapable of wielding weapons or throwing items.
You cannot cast spells.
((You have a pair of horns on your head.))
((You reflexively headbutt those who attack you in melee.))


Message History

You release spores at the orc wizard!
The orc wizard is almost dead.
The orc warrior hits you but does no damage.
The orc closely misses you.
Unknown command.
You miss the orc wizard.
The orc wizard is almost dead.
Your transformation is almost over.
Amaemon hits you with a -2 demon whip of venom.
You are poisoned.
Amaemon claws you but does no damage. Amaemon barely misses you.
The orc warrior hits you but does no damage.
The orc wizard is distracted by your dazzling golden aura.
The orc warrior hits you from afar with a +0 halberd.
The orc wizard shouts!
You closely miss Amaemon.
You feel sick. The orc closely misses you. The orc completely misses you.
Amaemon closely misses you. Amaemon barely misses you.
Amaemon tail-slaps you but does no damage.
You hear a zap.
The roots erupt in riotous growth!
The orc wizard is unaffected. x2
The grasping roots grab you!
The orc is unaffected.
You are constricted.
The orc warrior closely misses you.
The orc warrior hits you from afar with a +0 halberd!
* * * LOW HITPOINT WARNING * * *
Something shouts, "Accept thy doom, thou unhinged tardy-gaited slime mould!"
You hear an angry hiss.
You release spores at Amaemon.
Amaemon is lightly wounded.
You feel sick.
The orc wizard is no longer distracted by gold. x2
The orc closely misses you. x2; Amaemon closely misses you. x2
Amaemon tail-slaps you but does no damage.
You are constricted.
* * * LOW HITPOINT WARNING * * *
The orc wizard gestures wildly while chanting.
The orc wizard flickers and vanishes!
The orc wizard misses you.
The orc warrior hits you from afar with a +0 halberd!
You die...
Your body crumbles into a pile of gold.

#.............
#..............#
#..............#
#...............
#...............
#......4........
##.....o........#
......[o6oo.....#
.######.of{.###
#.##.## #.. .#
... ## #.#(# #.
.# .. ## .#


You could see Amaemon, an orange demon (curare, confused), 2 orc warriors, an
orc wizard and 2 orcs.

Vanquished Creatures
  2 wyverns (D:7)
  A steam dragon (D:6)
  2 water moccasins
  A black bear (D:7)
  An ice beast (D:6)
  An ogre (D:6)
  2 orc warriors
  A centaur (D:4)
  A phantom (D:6)
  A bullfrog (D:7)
  2 kobold brigands (Sewer)
  4 scorpions
  3 wights (D:6)
  4 hounds
  3 jellies
  4 orc priests
  4 iguanas
  A sleepcap (D:5)
  Robin (D:3)
  3 river rats
  11 adders
  2 shadow imps
  A white imp (D:7)
  An ufetubus (D:5)
  A worm (D:2)
  2 dart slugs
  28 orcs
  6 endoplasms
  5 giant cockroaches
  15 goblins
  5 hobgoblins
  3 jackals (Sewer)
  7 kobolds
  4 quokkas
  9 ball pythons
  7 bats
  A frilled lizard (D:1)
  9 rats
159 creatures vanquished.

Notes
Turn   | Place    | Note
-------+----------+-------------------------------------------
     0 | D:1      | bmack86 the Minotaur Fighter began the quest for the Orb.
     0 | D:1      | Reached XP level 1. HP: 19/19 MP: 0/0
    83 | D:1      | Reached XP level 2. HP: 26/26 MP: 1/1
   209 | D:1      | Found Kofrojikk's General Store.
   399 | D:1      | Reached skill level 3 in Axes
   661 | D:2      | Reached XP level 3. HP: 23/31 MP: 2/2
   809 | D:2      | Reached skill level 5 in Shields
  1174 | D:3      | Found a radiant altar of Vehumet.
  1192 | D:3      | Reached skill level 4 in Axes
  1197 | D:3      | Reached XP level 4. HP: 39/39 MP: 3/3
  1211 | D:3      | Noticed Robin
  1217 | D:3      | Killed Robin
  1363 | D:3      | Identified the +9 trident "Lofog" {flame, rCorr SInv}
  1428 | D:3      | Found a burning altar of Makhleb.
  1483 | D:3      | Noticed a water moccasin
  1501 | D:3      | Killed a water moccasin
  1502 | D:3      | Reached skill level 6 in Axes
  1502 | D:3      | Reached XP level 5. HP: 44/45 MP: 4/4
  1766 | D:3      | Reached XP level 6. HP: 51/51 MP: 5/5
  2020 | D:4      | Identified a scroll of acquirement
  2020 | D:4      | Acquired the +3 broad axe of Zotholyu {flame, MP+9 Int+2}
  2088 | D:4      | Reached skill level 7 in Axes
  2208 | D:4      | Found a glowing drain.
  2219 | Sewer    | Entered a sewer
  2285 | Sewer    | Reached skill level 8 in Axes
  2291 | Sewer    | Reached XP level 7. HP: 48/57 MP: 6/6
  2321 | Sewer    | Found a white marble altar of Elyvilon.
  2733 | D:4      | Found a staircase to the Ecumenical Temple.
  2746 | Temple   | Entered the Ecumenical Temple
  2753 | Temple   | Became a worshipper of Gozag Ym Sagoz the Greedy
  2838 | D:4      | Reached skill level 9 in Axes
  3091 | D:5      | Entered Level 5 of the Dungeon
  3102 | D:5      | Found Raeggo's Magic Scroll Shop.
  3112 | D:5      | Bought a scroll of identify for 22 gold pieces
  3112 | D:5      | Bought a scroll of identify for 22 gold pieces
  3112 | D:5      | Bought a scroll of identify for 22 gold pieces
  3112 | D:5      | Bought a scroll of identify for 22 gold pieces
  3112 | D:5      | Bought a scroll of identify for 22 gold pieces
  3276 | D:5      | Found Ikhlauga's Book Emporium.
  3342 | D:5      | Reached skill level 10 in Axes
  3512 | D:5      | Found Cagucito's Weapon Shop.
  3862 | D:6      | Found a sacrificial altar of Ru.
  3875 | D:6      | Reached XP level 8. HP: 37/64 MP: 7/7
  3883 | D:6      | Reached skill level 11 in Axes
  4069 | D:6      | Reached skill level 12 in Axes
  4485 | D:6      | Found a glowing silver altar of Zin.
  4702 | D:6      | Reached skill level 13 in Axes
  4824 | D:7      | Found a sparkling altar of Nemelex Xobeh.
  4857 | D:7      | Reached XP level 9. HP: 70/70 MP: 8/8
  4929 | D:7      | Reached skill level 14 in Axes
  5450 | D:8      | Noticed Amaemon
  5452 | D:8      | Noticed an orange demon
  5530 | D:8      | Noticed Maurice
  5538 | D:8      | Slain by an orc warrior

Illustrated notes

Levels and vault maps discovered:
D:1:      dreamdust_arrival_beginning_and_end, layout_rooms, serial_shops,
          nicolae_shop_advertising_works [nicolae_subvault_shop_adworks],
          minmay_fountain_box
D:2:      layout_basic, minmay_misc_feat_chi
D:3:      layout_basic, mainiacjoe_overflow_concentric_impassable,
          mainiacjoe_overflow_small_starburst, minmay_snake_closets, uniq_robin
D:4:      layout_loops_ring, minmay_temple_entry_junction, portal_sewer_entry_e
D:5:      layout_basic, serial_shops, shop, shop, nicolae_shop_tiny_glass
D:6:      layout_cave_pods, mainiacjoe_overflow_paths,
          mainiacjoe_overflow_alcove_1
D:7:      layout_rooms, nemelex_spade_bored_becter,
          chequers_serial_rivers_small_a, dreamdust_princess_corridor,
          lemuel_flame_loot_1
D:8:      layout_rooms, erik_lair_dragon, onia_ninara_dug_in_and_dangerous,
          uniq_joseph, uniq_maurice, uniq_amaemon
Temple:   minmay_freezing_vapour_temple

Skill      XL: |  1  2  3  4  5  6  7  8  9 |
---------------+----------------------------+-----
Shields        | 4 5 |  5.0
Axes           | 3 4 6 8 10 13 14 | 14.5
Fighting       | |  3.6
Armour         | |  3.6

Action                     |  1- 3 |  4- 6 |  7- 9 || total
---------------------------+-------+-------+-------++-------
  Melee: War axe           |    77 |   118 |   173 ||   368
         Headbutt          |     9 |    15 |    31 ||    55
         Unarmed           |       |       |    12 ||    12
  Throw: Boomerang         |     7 |       |       ||     7
    Use: Scroll            |       |     9 |    10 ||    19
   Stab: Distracted        |       |       |     1 ||     1
         Confused          |       |       |     1 ||     1
 Armour: Scale mail        |     4 |       |       ||     4
         Chain mail        |    51 |    83 |    59 ||   193
         Plate armour      |       |       |    36 ||    36
         Skin              |       |       |    20 ||    20
  Dodge: Dodged            |    36 |    72 |   117 ||   225
  Block: Buckler           |    27 |    37 |    25 ||    89

Table legend: (Time is in decaauts)
 A = Elapsed time spent in this place.
 B = Non-inter-level travel time spent in this place.
 C = Inter-level travel time spent in this place.
 D = Time resting spent in this place.
 E = Time spent auto-exploring this place.
 F = Levels seen in this place.
 G = Mean time per level.
                   A        B        C        D        E       F      G
               +--------+--------+--------+--------+--------+-----+--------+
         Total |   5622 |   5509 |    113 |     18 |   3608 |  10 |  562.2 |
       Dungeon |   5395 |   5282 |    113 |     18 |   3536 |   8 |  674.4 |
        Temple |     14 |     14 |      0 |      0 |      0 |   1 |   14.0 |
         Sewer |    212 |    212 |      0 |      0 |     71 |   1 |  212.0 |
               +--------+--------+--------+--------+--------+-----+--------+

Top non-repeatable levels by time:
     D:6: 973 daAuts
     D:4: 911 daAuts
     D:3: 865 daAuts
     D:7: 717 daAuts
     D:5: 717 daAuts
     D:2: 624 daAuts
     D:1: 553 daAuts
   Sewer: 212 daAuts
     D:8: 32 daAuts
  Temple: 14 daAuts
